Workbook
Name \0: #REF!
Name \00: #REF!
Name \a: #REF!
Name \a: #REF!
Name \E: #REF!
Name \EE: #REF!
Name \G: #REF!
Name \M: #REF!
Name \P: #REF!
Name \R: #REF!
Name \s: #REF!
Name \s: #REF!
Name \V: #REF!
Name \X: [0]!ERR
Name \X: [0]!ERR
Name \Z: [0]!ERR
Name \Z: [0]!ERR
Name _________PJ50: #REF!
Name _________PJ50: #REF!
Name ________MA2: #REF!
Name ________MA2: #REF!
Name ________PJ50: #REF!
Name ________PJ50: #REF!
Name _______MA2: #REF!
Name _______MA2: #REF!
Name _______PJ50: #REF!
Name _______PJ50: #REF!
Name ______MA2: #REF!
Name ______MA2: #REF!
Name ______PJ50: #REF!
Name ______PJ50: #REF!
Name ______pr01: #REF!
Name ______pr02: #REF!
Name ______pr03: #REF!
Name ______pr04: #REF!
Name ______pr05: #REF!
Name ______pr06: #REF!
Name ______pr07: #REF!
Name ______pr08: #REF!
Name ______pr09: #REF!
Name ______pr10: #REF!
Name ______pr11: #REF!
Name ______pr12: #REF!
Name ______pr13: #REF!
Name ______pr14: #REF!
Name ______pr15: #REF!
Name ______pr16: #REF!
Name ______pr17: #REF!
Name ______pr18: #REF!
Name ______pr19: #REF!
Name ______pr20: #REF!
Name ______pr21: #REF!
Name ______pr22: #REF!
Name ______pr23: #REF!
Name ______pr24: #REF!
Name ______pr25: #REF!
Name ______pr26: #REF!
Name ______pr27: #REF!
Name ______pr28: #REF!
Name ______pr29: #REF!

Sheet PRESUPUESTO OFICIAL (Entidad)
B1: Formulario 1 - Propuesta económica - Documento tipo de selección abreviada de menor cuantía - versión 1
B2: Versión: 1 del 21 de agosto de 2025
C5: FORMULARIO 1
C6: PRESUPUESTO OFICIAL
C7: [La entidad puede utilizar este formulario de detalle del presupuesto oficial para determinar las condiciones bajo las cuales los proponentes analizarán y presentarán su propuesta económica de forma detallada, sin perjuicio que la entidad pueda modificarlo o establecer la presentación de la oferta económica con un formulario distinto al indicado.]
C9: Adicionalmente, cuando el proceso de contratación es estructurado por precios unitarios, la Entidad debe aplicar las notas 1, 2 y 3 del presente formulario y las casillas de "Descripción", "Porcentaje" de la Administración, Imprevisto, Utilidad y total A.I.U. resaltadas en colo amarillo. Tratándose de otras modalidades de precio, la Entidad puede o no configurar los mismos aspectos.
C10: MEJORAMIENTO Y MANTENIMIENTO DE CASETAS COMUNALES 2026 – CALARCÁ, QUINDÍO
C11: Nº | D11: ITEM DE PAGO | E11: ESPECIFICACIONES | G11: DESCRIPCION | H11: UND. | I11: CANTIDAD | J11: VALOR UNITARIO | K11: VALOR TOTAL
E12: GENERAL | F12: PARTICULAR
G13: El Manantial
C14: 1 | D14: 1.01 | G14: EXCAVACION EN MATERIAL COMUN MANUAL (RANGO DE PROFUNDIDAD 0-2M) | H14: M3 | I14: 1.76 | J14: 51522.588 | K14: =I14*J14 -> 90679.754
C15: 2 | D15: 1.02 | G15: SUMINISTRO, INSTALACION Y COMPACTADO MANUAL DE SUB-BASE GRANULAR TRITURADA TIPO INVIAS (SBG-50), INC. TRANSPORTE | H15: M3 | I15: 1.32 | J15: 230035.33 | K15: =I15*J15 -> 303646.64
C16: 3 | D16: 1.03 | G16: RAMPA DE ACCESO EN CONCRETO DE 20.7 MPA E= 0.15 M, INC. REFUERZO EN MALLA ELECTROSOLDADA 15X15 D=4MM | H16: M2 | I16: 8.8 | J16: 212100.44 | K16: =I16*J16 -> 1866483.9
C17: 4 | D17: 1.04 | G17: PASAMANOS EN TUBO MET. 1 1/2" DOBLE CON APOYO EN TUBO 2" CADA 3M ANCHADO | H17: ML | I17: 9.8 | J17: 186355.97 | K17: =I17*J17 -> 1826288.5
C18: 5 | D18: 2.01 | G18: RECORRIDO DE CUBIERTA EN TEJA FIBROCEMENTO. INCLUYE LIMPIEZA, REACOMODACIÓN, ELEMENTOS FIJACIÓN EN MAL ESTADO SUMINISTRO E INSTALACIÓN, TRATAMIENTO DE GOTERAS, SELLO DE AMARRAS Y REPOSICION DE TEJAS EN MAL ESTADO (HASTA 20%) | H18: M2 | I18: 179.9 | J18: 44808.867 | K18: =I18*J18 -> 8061115.2
C19: 6 | D19: 2.02 | G19: DESMONTE DE CUBIERTA EN TEJA FIBROCEMENTO O SIMILAR (NO INCLUYE ESTRUCTURA) | H19: M2 | I19: 35.98 | J19: 16490.768 | K19: =I19*J19 -> 593337.83
C20: 7 | D20: 2.03 | G20: SUMINISTRO E INSTALACIÓN DE CUBIERTA EN TEJA FIBROCEMENTO (INCLUYE AMARRAS, GANCHO Y SELLANTE) | H20: M2 | I20: 35.98 | J20: 80395.1 | K20: =I20*J20 -> 2892615.7
C21: 8 | D21: 2.04 | G21: MANTENIMIENTO DE PINTURA EN ESTRUCTURA METÁLICA, INC. PINTURA EN ESMALTE 3 EN 1, LIJADA Y PULIDA DE PUNTOS CRÍTICOS | H21: ML | I21: 178.27 | J21: 30156.632 | K21: =I21*J21 -> 5376022.8
C22: 9 | D22: 3.01 | G22: PREPARACION E INSTALACION DE PISO MINERAL E=3CM | H22: M2 | I22: 7 | J22: 91388.511 | K22: =I22*J22 -> 639719.58
C23: Subtotal | K23: =ROUND(SUM(K14:K22),2) -> 21649910
G24: Simón Bolívar
C25: 10 | D25: 4.01 | G25: RECORRIDO DE CUBIERTA EN TEJA FIBROCEMENTO. INCLUYE LIMPIEZA, REACOMODACIÓN, ELEMENTOS FIJACIÓN EN MAL ESTADO SUMINISTRO E INSTALACIÓN, TRATAMIENTO DE GOTERAS, SELLO DE AMARRAS Y REPOSICION DE TEJAS EN MAL ESTADO (HASTA 20%) | H25: M2 | I25: 161.7 | J25: 44808.867 | K25: =I25*J25 -> 7245593.8
C26: 11 | D26: 4.02 | G26: DESMONTE DE CUBIERTA EN TEJA FIBROCEMENTO O SIMILAR (NO INCLUYE ESTRUCTURA) | H26: M2 | I26: 32.34 | J26: 16490.768 | K26: =I26*J26 -> 533311.44
C27: 12 | D27: 4.03 | G27: SUMINISTRO E INSTALACIÓN DE CUBIERTA EN TEJA FIBROCEMENTO (INCLUYE AMARRAS, GANCHO Y SELLANTE) | H27: M2 | I27: 32.34 | J27: 80395.1 | K27: =I27*J27 -> 2599977.5
C28: 13 | D28: 5.01 | G28: PREPARACION E INSTALACION DE PISO MINERAL E=3CM | H28: M2 | I28: 25 | J28: 91388.511 | K28: =I28*J28 -> 2284712.8
C29: 14 | D29: 5.02 | G29: SUMINISTRO E INSTALACION LAMPARA LED DE 36W | H29: UND | I29: 6 | J29: 36013.617 | K29: =I29*J29 -> 216081.7
C30: Subtotal | K30: =ROUND(SUM(K25:K29),2) -> 12879677
G31: Primavera – Naranjal
C32: 15 | D32: 6.01 | G32: DESMONTE DE CUBIERTA EN TEJA FIBROCEMENTO O SIMILAR (NO INCLUYE ESTRUCTURA) | H32: M2 | I32: 34.8 | J32: 16490.768 | K32: =I32*J32 -> 573878.73
C33: 16 | D33: 6.02 | G33: SUMINISTRO E INSTALACIÓN DE CUBIERTA EN TEJA FIBROCEMENTO (INCLUYE AMARRAS, GANCHO Y SELLANTE) | H33: M2 | I33: 94.8 | J33: 80395.1 | K33: =I33*J33 -> 7621455.5
C34: 17 | D34: 6.03 | G34: DESMONTE DE CUBIERTA EN TEJA ZINC O SIMILAR (NO INCLUYE ESTRUCTURA) | H34: M2 | I34: 60 | J34: 12688.614 | K34: =I34*J34 -> 761316.84
C35: 18 | D35: 6.04 | G35: MANTENIMIENTO DE PINTURA EN ESTRUCTURA METÁLICA, INC. PINTURA EN ESMALTE 3 EN 1, LIJADA Y PULIDA DE PUNTOS CRÍTICOS | H35: ML | I35: 45.8 | J35: 30156.632 | K35: =I35*J35 -> 1381173.7
C36: 19 | D36: 7.01 | G36: ESTUCO IMPERMEABILIZADO Y PINTURA (KORAZA) A 3 MANOS PARA EXTERIOR, 0 <= H < 5 M | H36: M2 | I36: 17.8 | J36: 67679.123 | K36: =I36*J36 -> 1204688.4
C37: Subtotal | K37: =ROUND(SUM(K32:K36),2) -> 11542513
G38: El Crucero
C39: 20 | D39: 8.01 | G39: SUMINISTRO E INSTALACION DE CANAL PVC TIPO AMAZONAS O SIMILAR PARA AGUAS LLUVIAS (INC. ACCESORIOS Y EMPAQUES PROM) | H39: ML | I39: 30 | J39: 93740.426 | K39: =I39*J39 -> 2812212.8
C40: 21 | D40: 8.02 | G40: SUMINISTRO E INSTALACIÓN BAJANTES AGUA LLUVIA D:4" PVC, INC. ACCESORIOS | H40: ML | I40: 14 | J40: 65765.016 | K40: =I40*J40 -> 920710.22
C41: 22 | D41: 9.01 | G41: ESTUCO IMPERMEABILIZADO Y PINTURA (KORAZA) A 3 MANOS PARA EXTERIOR, 0 <= H < 5 M | H41: M2 | I41: 46 | J41: 67679.123 | K41: =I41*J41 -> 3113239.7
C42: 23 | D42: 9.02 | G42: SUMINISTRO E INSTALACION DE ENCHAPE PISO EN CERAMICA ANTIDESLIZANTE C1, JUNTA 2MM, INC. PEGANTE CERAMICO ADHERENTE Y BOQUILLA; EQUIPOS, HERRAMIENTAS Y TODOS LOS ELEMENTOS NECESARIOS PARA SU CORRECTA INSTALACION. | H42: M2 | I42: 5.27 | J42: 124049.51 | K42: =I42*J42 -> 653740.91
C43: 24 | D43: 9.03 | G43: SUMINISTRO E INSTALACION DE ENCHAPE PISO EN CERAMICA ANTIDESLIZANTE C1, JUNTA 2MM, INC. PEGANTE CERAMICO ADHERENTE Y BOQUILLA; EQUIPOS, HERRAMIENTAS Y TODOS LOS ELEMENTOS NECESARIOS PARA SU CORRECTA INSTALACION. | H43: M2 | I43: 75.58 | J43: 124049.51 | K43: =I43*J43 -> 9375661.9
C44: 25 | D44: 9.04 | G44: MORTERO PARA NIVELACION DE PISO E= 0.05 M | H44: M2 | I44: 75.58 | J44: 84976.448 | K44: =I44*J44 -> 6422519.9
C45: 26 | D45: 10.01 | G45: SUMINISTRO E INSTALACION LAMPARA LED DE 36W | H45: UND | I45: 7 | J45: 36013.617 | K45: =I45*J45 -> 252095.32
C46: 27 | D46: 10.02 | G46: SUMINISTRO E INSTALACION DE TOMA CORRIENTE DOBLE | H46: UND | I46: 1 | J46: 34403.109 | K46: =I46*J46 -> 34403.109
C47: 28 | D47: 10.03 | G47: SUMINISTRO E INSTALACION INTERRUPTOR SENCILLO | H47: UND | I47: 1 | J47: 19457.699 | K47: =I47*J47 -> 19457.699
C48: Subtotal | K48: =ROUND(SUM(K39:K47),2) -> 23604042
G49: Los Álamos (Barcelona)
C50: 29 | D50: 10.04 | G50: RECORRIDO DE CUBIERTA EN TEJA FIBROCEMENTO. INCLUYE LIMPIEZA, REACOMODACIÓN, ELEMENTOS FIJACIÓN EN MAL ESTADO SUMINISTRO E INSTALACIÓN, TRATAMIENTO DE GOTERAS, SELLO DE AMARRAS Y REPOSICION DE TEJAS EN MAL ESTADO (HASTA 20%) | H50: M2 | I50: 138.95 | J50: 44808.867 | K50: =I50*J50 -> 6226192.1
C51: 30 | D51: 11.01 | G51: ESTUCO IMPERMEABILIZADO Y PINTURA (KORAZA) A 3 MANOS PARA EXTERIOR, 0 <= H < 5 M | H51: M2 | I51: 38.918 | J51: 67679.123 | K51: =I51*J51 -> 2633936.1
C52: 31 | D52: 11.02 | G52: ESTUCO Y PINTURA EN VINILO TIPO 1 A 3 MANOS SOBRE MURO INTERIOR | H52: M2 | I52: 131.78 | J52: 41199.557 | K52: =I52*J52 -> 5429277.6
C53: 32 | D53: 11.03 | G53: DESMONTE CIELO RASO, INC. DESMONTE DE LA ESTRUCTURA Y EL ACARREO HORIZONTAL | H53: M2 | I53: 138.95 | J53: 31440.087 | K53: =I53*J53 -> 4368600.1
C54: 33 | D54: 11.04 | G54: MANTENIMIENTO DE PUERTAS DE MADERA INC. MARCO, CORTE, AJUSTE Y PINTURA A DOS MANOS POR AMBAS CARAS | H54: UND | I54: 2 | J54: 100942.37 | K54: =I54*J54 -> 201884.74
C55: 34 | D55: 11.05 | G55: MANTENIMIENTO DE CARPINTERIA METALICA - (PUERTAS Y VENTANAS). INC. DESMONTE, LIMPIEZA, REMOCION DE PINTURA, LIJADA, APLICACION DE ANTICORROSIVO, REPARACION DE PARALES, PINTURA EN ESMALTE Y REINSTALACION | H55: UND | I55: 2 | J55: 138035.91 | K55: =I55*J55 -> 276071.82
C56: 35 | D56: 12.01 | G56: DESMONTE Y RETIRO DE APARATOS SANITARIOS, INC. RECUPERACION | H56: UND | I56: 2 | J56: 72613.584 | K56: =I56*J56 -> 145227.17
C57: 36 | D57: 12.02 | G57: SUMINISTRO E INSTALACION COMBO SANITARIO LINEA ECONOCMICA, INC. GRIFERIA | H57: UND | I57: 1 | J57: 718835.9 | K57: =I57*J57 -> 718835.9
C58: Subtotal | K58: =ROUND(SUM(K50:K57),2) -> 20000026
C59: SUBTOTAL OBRAS | K59: =SUM(K23,K30,K37,K48,K58) -> 89676167
G64: SUBTOTAL OBRAS (INCLUYE IVA) | K64: =K59 -> 89676167
G68: VALOR TOTAL | K68: =K64 -> 89676167
C71: NOTA 1: Se debe tener en cuenta que el PRECIO UNITARIO incluye el valor de A.I.U. | H71: DESCRIPCION | K71: PORCENTAJE
C72: NOTA 2: Cuando la fracción decimal del peso sea igual o superior a 5 se aproximara por exceso al número entero siguiente del peso y cuando la fracción decimal del peso sea inferior a 5 se aproximará por defecto al número entero del peso. | H72: ADMINISTRACION | J72: A= | K72: 0.243
C73: NOTA 3: El A.I.U y su discriminación deben estar en porcentaje (%). | H73: IMPREVISTO | J73: I= | K73: 0.01
H74: UTILIDAD | J74: U= | K74: 0.05
H75: TOTAL A.I.U | J75: A.I.U.= | K75: =SUM(K72:K74) -> 0.303
C79: Elaboró: Omar Felipe Mejia - Arquitecto Contratista
C80: Revisó: Tallin Samanta Giraldo Gomez - Subsecretaria de Vivienda y Obras Públicas

Sheet PROPUESTA ECONOMICA(Proponente)
B1: Formulario 1 - Propuesta económica - Documento tipo de selección abreviada de menor cuantía - versión 1
B2: Versión: 1 del 21 de agosto de 2025
C5: FORMULARIO 1
C6: PROPUESTA ECONOMICA
C7: [La entidad puede utilizar este formulario de presentación de propuesta económica de forma detallada, sin perjuicio que la entidad pueda modificarlo o establecer la presentación de la oferta económica con un formulario distinto al indicado.] [Los proponentes emplearán el formulario establecido por la entidad para determinar su propuesta económica conforme al Formulario 1 - Presupuesto Oficial publicado por la Entidad] [En caso de modificar el formulario, es importante tener en cuenta que no se deben incluir causales de rechazo, reglas o parámetros contrarios a los definidos en el documento base. Los términos del proceso solo se encuentran en el Documento Base, por lo que la Entidad no deberá incluir ningún tipo de notas que se configuren en reglas contrarias a las definidas en dicho documento, las notas únicamente pueden ser aclaratorias para efectos del diligenciamiento del formato]
C9: Cuando el proceso de contratación es estructurado por precios unitarios, la Entidad debe aplicar las notas 1, 2 y 3 del presente formato y las casillas de "Descripción", "Porcentaje" de la Administración, Imprevisto, Utilidad y total A.I.U. resaltadas en color amarillo.
C11: Nº | D11: ITEM DE PAGO | E11: ESPECIFICACIONES | G11: DESCRIPCION | H11: UND. | I11: CANTIDAD | J11: VALOR UNITARIO | K11: VALOR TOTAL
E12: GENERAL | F12: PARTICULAR
C15: Subtotal
C21: Subtotal
C31: Subtotal
C36: Subtotal
C39: Subtotal
C40: SUBTOTAL OBRAS
G45: SUBTOTAL OBRAS (INCLUYE IVA)
G49: VALOR TOTAL
C52: NOTA 1: Se debe tener en cuenta que el PRECIO UNITARIO incluye el valor de A.I.U. | H52: DESCRIPCION | K52: PORCENTAJE
C53: NOTA 2: Cuando la fracción decimal del peso sea igual o superior a 5 se aproximara por exceso al número entero siguiente del peso y cuando la fracción decimal del peso sea inferior a 5 se aproximará por defecto al número entero del peso. | H53: ADMINISTRACION | J53: A= | K53: [Ofrecimiento del Proponente]
C54: NOTA 3: El A.I.U y su discriminación deben estar en porcentaje (%). | H54: IMPREVISTO | J54: I= | K54: [Ofrecimiento del Proponente]
H55: UTILIDAD | J55: U= | K55: [Ofrecimiento del Proponente]
H56: TOTAL A.I.U | J56: A.I.U.= | K56: [Ofrecimiento del Proponente]
G59: Firma del Proponente o de su Representante Legal

Sheet INDICAR CÓDIGO DEL ITEM DE PAGO
B1: Formulario 1 - Propuesta económica - Documento tipo de selección abreviada de menor cuantía
B2: Versión: 1 del 21 de agosto de 2025
C5: [La entidad podrá utilizar este formato para la presentación de los análisis de precios unitarios el contratista en la oportunidad prevista en el numeral 8.2. del Documento Base]
D8: MUNICIPIO DE CALARCÁ – QUINDÍO
L9: VERSIÓN
D10: [NÚMERO DEL PROCESO]
L11: PÁGINA | M11: 1 | N11: DE | O11: 26
D13: ANALISIS DE PRECIOS UNITARIOS
L15: FECHA | M15: DD | N15: MM | O15: AA
C17: ITEMS DE LA PROPUESTA ECONÓMICA | I17: ITEMS NO PREVISTOS
C21: DATOS ESPECÍFICOS
C23: ITEM | D23: DESCRIPCIÓN | M23: UNIDAD | O23: CANTIDAD
C24: 4.01 | D24: EXCAVACION EN MATERIAL COMUN MANUAL (RANGO DE PROFUNDIDAD 0-2M) | M24: M3 | O24: =SUM('PRESUPUESTO OFICIAL (Entidad)'!I14) -> 1.76
C25: I. EQUIPO
C28: DESCRIPCIÓN | H28: MARCA | J28: TIPO | L28: TARIFA/HORA | M28: RENDIMIENTO | O28: Vr. UNITARIO
C29: HERRAMIENTA MENOR | J29: % H/C | L29: 32951.25 | M29: 0.1 | O29: =ROUND(L29*M29+0.00000001,2) -> 3295.13
C32: SUBTOTAL $ | O32: =SUM(O29:O31) -> 3295.13
C33: II. MATERIALES
C36: DESCRIPCIÓN | K36: UNIDAD | L36: CANTIDAD | M36: PRECIO UNIT. | O36: Vr. UNITARIO
C39: SUBTOTAL $ | O39: =SUM(O37:O38) -> 0
C40: III. TRANSPORTES
C43: MATERIAL | J43: VOL. o PESO | K43: DISTANCIA | L43: M3 o Ton/Km | M43: TARIFA | O43: Vr. UNITARIO
C44: ACARREO HORIZONTAL | L44: 0.1 | M44: 32951.25 | O44: =ROUND(L44*M44+0.00000001,2) -> 3295.13
C46: SUBTOTAL $ | O46: =SUM(O44:O45) -> 3295.13
C47: IV. MANO DE OBRA
C50: TRABAJADOR | J50: JORNAL | K50: PRESTACIONES | L50: JORNAL TOTAL | M50: RENDIMIENTO | O50: Vr. UNITARIO
C51: CUADRILLA GG GENERAL (1 OFC + 4 AYD) (H/C) | L51: 88493 | M51: 0.37236 | O51: =ROUND(L51*M51+0.00000001,2) -> 32951.25
C55: SUBTOTAL $ | O55: =SUM(O51:O54) -> 32951.25
C57: TOTAL COSTO DIRECTO $ | O57: =ROUND(SUM(O32,O39,O46,O55),2) -> 39541.51
C58: V. COSTOS INDIRECTOS
C61: Descripción | L61: Porcentaje | M61: Valor Total
C62: ADMINISTRACION | L62: ='PRESUPUESTO OFICIAL (Entidad)'!K72 -> 0.243 | M62: =L62*O57 -> 9608.5869
C63: IMPREVISTOS | L63: ='PRESUPUESTO OFICIAL (Entidad)'!K73 -> 0.01 | M63: =L63*O57 -> 395.4151
C64: UTILIDAD | L64: ='PRESUPUESTO OFICIAL (Entidad)'!K74 -> 0.05 | M64: =L64*O57 -> 1977.0755
C65: SUBTOTAL $ | O65: =SUM(M62:M64) -> 11981.078
C67: Precio Unitario Total Aproximado al peso $ | O67: =ROUND(SUM(O57,O65),0) -> 51523
H71: Firma
H72: Nombre:
H73: Representante Legal del Contratista o su Apoderado
H74: Matricula No. :
C76: OBSERVACIONES INTERVENTORÍA
C80: APROBACIÓN POR INTERVENTORÍA
C81: Nota 1: Cuando se trate de Análisis de precios unitarios correspondientes a ítems de la propuesta económica aprobada, el Interventor aprueba el desglose de los componentes manteniendo el mismo precio unitario de cada ítem, cumpliendo con las especificaciones de construcción vigentes para el proyecto.
C83: Nota 2: Cuando se trate de Análisis de precios unitarios de ítems no previstos, el Interventor aprueba el desglose y precio unitario de cada ítem no previsto, exigiendo la aplicación de los costos correspondientes a insumos y tarifas de la propuesta económica inicial cuando estén contemplados, cumpliendo con las especificaciones de construcción vigente para el proyecto.
H86: Firma
H87: Nombre:
H88: Representante Legal del Interventor o su Apoderado
H89: Matricula No. :
B94: Formulario 1 - Propuesta económica - Documento tipo de selección abreviada de menor cuantía
B95: Versión: 1 del 21 de agosto de 2025
C98: [La entidad podrá utilizar este formato para la presentación de los análisis de precios unitarios el contratista en la oportunidad prevista en el numeral 8.2. del Documento Base]
D101: MUNICIPIO DE CALARCÁ – QUINDÍO
L102: VERSIÓN
D103: [NÚMERO DEL PROCESO]
L104: PÁGINA | M104: 2 | N104: DE | O104: 26
D106: ANALISIS DE PRECIOS UNITARIOS
L108: FECHA | M108: DD | N108: MM | O108: AA
C110: ITEMS DE LA PROPUESTA ECONÓMICA | I110: ITEMS NO PREVISTOS
C114: DATOS ESPECÍFICOS
C116: ITEM | D116: DESCRIPCIÓN | M116: UNIDAD | O116: CANTIDAD
C117: 22.05 | D117: SUMINISTRO, INSTALACION Y COMPACTADO MANUAL DE SUB-BASE GRANULAR TRITURADA TIPO INVIAS (SBG-50), INC. TRANSPORTE | M117: M3 | O117: =SUM('PRESUPUESTO OFICIAL (Entidad)'!I15) -> 1.32
C118: I. EQUIPO
C121: DESCRIPCIÓN | H121: MARCA | J121: TIPO | L121: TARIFA/HORA | M121: RENDIMIENTO | O121: Vr. UNITARIO
C122: Compactador manual vibratorio (rana) con motor de 6 hp | J122: Hr | L122: 7913.5 | M122: 0.8 | O122: =ROUND(L122*M122+0.00000001,2) -> 6330.8
C123: HERRAMIENTA MENOR | J123: % H/C | L123: 17945.43 | M123: 0.05 | O123: =ROUND(L123*M123+0.00000001,2) -> 897.27
C125: SUBTOTAL $ | O125: =SUM(O122:O124) -> 7228.07
C126: II. MATERIALES
C129: DESCRIPCIÓN | K129: UNIDAD | L129: CANTIDAD | M129: PRECIO UNIT. | O129: Vr. UNITARIO
C130: Agua | K130: Lt | L130: 22 | M130: 10.9 | O130: =ROUND(L130*M130+0.00000001,2) -> 239.8
C131: Sub-base granular clasificada | K131: M3 | L131: 1.3 | M131: 72115 | O131: =ROUND(L131*M131+0.00000001,2) -> 93749.5
C132: SUBTOTAL $ | O132: =SUM(O130:O131) -> 93989.3
C133: III. TRANSPORTES
C136: MATERIAL | J136: VOL. o PESO | K136: DISTANCIA | L136: M3 o Ton/Km | M136: TARIFA | O136: Vr. UNITARIO
C137: Transporte de material de sub/base | L137: 45.5 | M137: 1261.1 | O137: =ROUND(L137*M137+0.00000001,2) -> 57380.05
C139: SUBTOTAL $ | O139: =SUM(O137:O138) -> 57380.05
C140: IV. MANO DE OBRA
C143: TRABAJADOR | J143: JORNAL | K143: PRESTACIONES | L143: JORNAL TOTAL | M143: RENDIMIENTO | O143: Vr. UNITARIO
C144: CUADRILLA AA ALBAÑILERIA (1 OFC + 2 AYD) (H/C) | L144: 55854 | M144: 0.32129176 | O144: =ROUND(L144*M144+0.00000001,2) -> 17945.43
C148: SUBTOTAL $ | O148: =SUM(O144:O147) -> 17945.43
C150: TOTAL COSTO DIRECTO $ | O150: =ROUND(SUM(O125,O132,O139,O148),2) -> 176542.85
C151: V. COSTOS INDIRECTOS
C154: Descripción | L154: Porcentaje | M154: Valor Total
C155: ADMINISTRACION | L155: ='PRESUPUESTO OFICIAL (Entidad)'!K72 -> 0.243 | M155: =L155*O150 -> 42899.913
C156: IMPREVISTOS | L156: ='PRESUPUESTO OFICIAL (Entidad)'!K73 -> 0.01 | M156: =L156*O150 -> 1765.4285
C157: UTILIDAD | L157: ='PRESUPUESTO OFICIAL (Entidad)'!K74 -> 0.05 | M157: =L157*O150 -> 8827.1425
C158: SUBTOTAL $ | O158: =SUM(M155:M157) -> 53492.484
C160: Precio Unitario Total Aproximado al peso $ | O160: =ROUND(SUM(O150,O158),0) -> 230035
H164: Firma
H165: Nombre:
H166: Representante Legal del Contratista o su Apoderado
H167: Matricula No. :
C169: OBSERVACIONES INTERVENTORÍA
C173: APROBACIÓN POR INTERVENTORÍA
C174: Nota 1: Cuando se trate de Análisis de precios unitarios correspondientes a ítems de la propuesta económica aprobada, el Interventor aprueba el desglose de los componentes manteniendo el mismo precio unitario de cada ítem, cumpliendo con las especificaciones de construcción vigentes para el proyecto.
C176: Nota 2: Cuando se trate de Análisis de precios unitarios de ítems no previstos, el Interventor aprueba el desglose y precio unitario de cada ítem no previsto, exigiendo la aplicación de los costos correspondientes a insumos y tarifas de la propuesta económica inicial cuando estén contemplados, cumpliendo con las especificaciones de construcción vigente para el proyecto.
H179: Firma
H180: Nombre:
H181: Representante Legal del Interventor o su Apoderado
H182: Matricula No. :
B187: Formulario 1 - Propuesta económica - Documento tipo de selección abreviada de menor cuantía
...
